 Dungeon Crawl Stone Soup version 0.30.1-11-g7821555f0a (webtiles) character file.

Game seed: 4293977050501511872

21 jagang the Slasher (level 2, 0/25 HPs)
             Began as a Barachi Monk on Nov 13, 2023.
             Slain by a jackal (1 damage)
             ... on level 1 of the Dungeon.
             The game lasted 00:00:49 (373 turns).

jagang the Slasher (Barachi Monk)                    Turns: 373, Time: 00:00:50

Health: 0/25       AC:  2    Str: 12    XL:     2   Next: 87%
Magic:  2/2        EV: 13    Int: 10    God:
Gold:   34         SH:  0    Dex: 14    Spells: 1/1 levels left

rFire   . . .        a - +0 falchion
rCold   . . .        d - orb {light}
rNeg    . . .        b - +0 robe
rPois   .            (no helmet)
rElec   .            (no cloak)
rCorr   .            (no gloves)
SInv    .            (no boots)
Will    .....        (no amulet)
Stlth   +            (no ring)
HPRegen 0.24/turn    (no ring)
MPRegen 0.08/turn

%: no passive effects
@: unable to hop, glowing, slow
A: amphibious, slowness 1, strong legs 1, +LOS
a: Hop


You were on level 1 of the Dungeon.
You visited 1 branch of the dungeon, and saw 1 of its levels.

You collected 34 gold pieces.

Inventory:

Hand Weapons
 a - a +0 falchion (weapon)
Armour
 b - a +0 robe (worn)
 d - an orb of light (worn)
Scrolls
 e - 2 scrolls of identify {unknown}
 f - a scroll of vulnerability {unknown}
 g - a scroll of immolation {unknown}
 h - a scroll of teleportation {unknown}
 i - a scroll of fog {unknown}
Potions
 c - a potion of ambrosia
 j - a potion of curing {unknown}


   Skills:
 + Level 3.9 Fighting
 * Level 4.1 Long Blades
 + Level 1.0 Armour
 + Level 3.5 Dodging


You had one spell level left.
You didn't know any spells.
Your spell library contained the following spells:

 Spells                   Type           Power      Damage    Failure   Level
 Inner Flame              Hex/Fire       0%         N/A       75%         3
 Flame Wave               Conj/Fire      0%         2d4       98%         4
 Sticky Flame             Conj/Fire      0%         2d3       98%         4


Dungeon Overview and Level Annotations

Branches:
Dungeon (1/15)

Altars:


Innate Abilities, Weirdness & Mutations

You are amphibious.
You cover ground slowly.
You can hop short distances.
You have an extended range of vision and can be seen from far away.


Message History

You hit the goblin.
You kill the goblin!
The bat hits you. The hobgoblin misses you. The hobgoblin hits you.
You hit the hobgoblin but do no damage.
The hobgoblin is severely wounded.
The bat hits you. The hobgoblin closely misses you.
You hit the hobgoblin.
You kill the hobgoblin!
The bat misses you.
The jackal bites you but does no damage.
The jackal misses you. The jackal bites you.
You hit the jackal but do no damage. The bat barely misses you.
The jackal misses you. The jackal closely misses you. The jackal misses you.
You hit the jackal.
The jackal is severely wounded.
The bat hits you. The jackal completely misses you. The jackal bites you.
* * * LOW HITPOINT WARNING * * *
The jackal bites you but does no damage.
You barely miss the jackal.
The jackal is severely wounded.
The bat misses you. The jackal barely misses you.
The jackal bites you but does no damage.
The jackal bites you.
* * * LOW HITPOINT WARNING * * *
You hit the jackal but do no damage.
The jackal is severely wounded.
The bat hits you but does no damage. The jackal bites you.
* * * LOW HITPOINT WARNING * * *
The jackal closely misses you. x2
You hit the jackal.
You kill the jackal!
The bat hits you.
* * * LOW HITPOINT WARNING * * *
The jackal bites you.
* * * LOW HITPOINT WARNING * * *
The bat hits you but does no damage. The jackal barely misses you.
You hit the jackal but do no damage. The bat hits you.
* * * LOW HITPOINT WARNING * * *
The jackal bites you.
You die...

..#####...........####
..........###.....##
..........# #......#########
#.........###.............>.
..........##......#†........
#.........).................
#.........###...............
#.........###..bh†#.........
#....>......#(..@)#.........
..........#.#######.........
..........#..# #.........
#.####...###.# #.........
.....###.###.#
.............#
.............##
..............###
................#####


You could see a jackal and a bat.

Vanquished Creatures
  2 endoplasms (D:1)
  3 goblins (D:1)
  5 hobgoblins (D:1)
  3 jackals (D:1)
  A quokka (D:1)
  A bat (D:1)
  A frilled lizard (D:1)
  A rat (D:1)
17 creatures vanquished.

Notes
Turn   | Place    | Note
-------+----------+-------------------------------------------
     0 | D:1      | jagang the Barachi Monk began the quest for the Orb.
     0 | D:1      | Reached XP level 1. HP: 18/18 MP: 1/1
   183 | D:1      | Reached XP level 2. HP: 25/25 MP: 2/2
   221 | D:1      | Reached skill level 4 in Long Blades
   361 | D:1      | Reached skill level 1 in Armour
   372 | D:1      | HP: 1/25 [jackal (3)]
   373 | D:1      | Slain by a jackal

Illustrated notes

Levels and vault maps discovered:
D:1:      dpeg_arrival_pits, layout_rooms, chequers_serial_rivers_small_b,
          minmay_box_of_dots

Skill      XL: |  1  2 |
---------------+-------+-----
Long Blades    | 4 |  4.1
Armour         | 1 |  1.0
Fighting       | |  3.9
Dodging        | |  3.5

Action                     || total
---------------------------++-------
  Melee: Falchion          ||    47
Ability: Hop               ||     1
 Armour: Robe              ||    15
  Dodge: Dodged            ||    46
